Map: [ESL] Data-C

Players

Nice

  • Race: Protoss Protoss
  • League: Diamond
  • Spawn Location: 3:00

Spirit (souL) - Winner!

  • Race: Terran Terran
  • League: Master
  • Spawn Location: 9:00

Event: HomeStory Cup XXII

VOD

Have the link to the VOD?

Description

Time

  • Played on: Dec. 15, 2022, 5:59 a.m.
  • Length: 7:40

All games in this series

Show
View Real Time Build Order
Export as new Build Order

Nice Protoss 

Build Orders: 1 Gate Expand, Blink Stalkers, Zealot Archon 

Get SALT Encoding   

  12  0:00  Probe  
  13  0:13  Probe  
  14  0:18  Pylon  
  14  0:25  Probe (Chrono Boost)  
  15  0:38  Probe (Chrono Boost)  
  15  0:40  Gateway  
  16  0:44  Probe (Chrono Boost)  
  17  0:54  Probe  
  17  0:56  Assimilator  
  18  1:06  Probe  
  19  1:18  Probe  
  20  1:27  Cybernetics Core  
  20  1:37  Nexus  
  20  1:42  Assimilator  
  20  1:51  Probe (Chrono Boost), Pylon  
  21  2:01  Assimilator  
  20  2:03  Probe (Chrono Boost)  
  21  2:10  Warp Gate  
  21  2:11  Probe (Chrono Boost)  
  21  2:14  Adept  
  24  2:17  Probe (Chrono Boost)  
  25  2:29  Probe (Chrono Boost)  
  26  2:34  Twilight Council  
  26  2:36  Probe (Chrono Boost)  
  27  2:44  Stalker (Chrono Boost)  
  27  2:46  Probe  
  30  2:58  Probe x2  
  31  3:10  Probe x2, Blink (Chrono Boost)  
  32  3:22  Probe  
  32  3:23  Probe  
  34  3:32  Robotics Facility  
  34  3:34  Probe  
  34  3:35  Probe  
  34  3:40  Pylon  
  36  3:46  Probe  
  36  3:47  Probe  
  37  3:58  Probe, Stalker  
  37  3:59  Probe  
  39  4:10  Probe  
  39  4:11  Probe  
  39  4:13  Gateway  
  39  4:15  Gateway  
  41  4:23  Probe  
  41  4:24  Probe  
  41  4:26  Stalker  
  41  4:27  Observer  
  41  4:29  Pylon  
  44  4:35  Probe, Assimilator  
  44  4:36  Probe  
  44  4:37  Assimilator  
  46  4:47  Probe, Pylon  
  46  4:48  Probe  
  48  5:00  Probe x2  
  48  5:05  Warp Prism (Chrono Boost)  
  50  5:09  Templar Archives  
  50  5:12  Probe  
  53  5:14  Pylon  
  53  5:15  Stalker  
  53  5:16  Probe  
  56  5:27  Stalker x2  
  60  5:40  Nexus  
  60  5:45  Probe x2  
  60  5:47  Psionic Storm  
  62  5:54  High Templar  
  64  5:57  Probe  
  64  6:02  High Templar, Pylon  
  64  6:03  Probe  
  68  6:09  Probe  
  69  6:16  Probe  
  68  6:19  Zealot  
  68  6:21  Probe  
  67  6:27  Zealot  
  67  6:28  Probe (Chrono Boost)  
  69  6:33  Probe (Chrono Boost)  
  68  6:40  High Templar x2  
  68  6:41  Probe (Chrono Boost)  
  68  6:44  Probe (Chrono Boost)  
  73  6:47  Probe (Chrono Boost)  
  73  6:49  Probe (Chrono Boost)  
  73  6:52  Probe  
  76  6:55  Probe  
  76  6:59  High Templar  
  76  7:00  Probe  
  80  7:04  Probe  
  80  7:07  Probe  
  86  7:09  Shield Battery  
  86  7:11  Shield Battery  
  86  7:12  Stalker  
  86  7:13  Stalker  
  90  7:20  Probe x2  
  92  7:26  Archon  
  80  7:35  Zealot  
  80  7:36  Stalker x2  
Show
View Real Time Build Order
Export as new Build Order

Spirit Terran - Winner!

Build Orders:  

Get SALT Encoding   

  12  0:00  SCV  
  13  0:12  SCV  
  14  0:17  Supply Depot  
  14  0:24  SCV  
  15  0:39  SCV  
  15  0:40  Barracks  
  16  0:46  Refinery  
  16  0:51  SCV  
  17  1:03  SCV  
  18  1:15  SCV  
  19  1:26  Marine  
  19  1:27  Orbital Command  
  20  1:44  Command Center  
  20  1:46  Reaper  
  21  1:55  Bunker  
  21  1:59  SCV  
  22  2:07  Supply Depot  
  22  2:11  SCV  
  23  2:18  Factory  
  23  2:25  Barracks Reactor  
  23  2:28  SCV  
  24  2:35  Refinery  
  24  2:40  SCV  
  25  2:52  SCV  
  25  2:57  Orbital Command  
  26  3:00  Marine  
  26  3:01  Hellion, Marine  
  26  3:03  Starport  
  26  3:04  SCV  
  31  3:17  SCV  
  31  3:18  Marine x2  
  34  3:23  Widow Mine  
  34  3:24  SCV  
  37  3:29  SCV  
  38  3:36  SCV, Marine x2  
  38  3:37  Supply Depot  
  38  3:40  Medivac  
  38  3:41  SCV  
  44  3:48  Widow Mine  
  46  3:58  SCV x2, Marine  
  46  4:00  Marine  
  49  4:07  Supply Depot  
  49  4:09  Factory Tech Lab  
  47  4:10  Barracks, SCV x2  
  47  4:13  Starport Tech Lab  
  49  4:17  Marine  
  49  4:22  SCV x2  
  49  4:23  Supply Depot  
  52  4:27  Engineering Bay  
  52  4:29  Siege Tank  
  55  4:32  Marine  
  55  4:34  SCV x2  
  58  4:38  Raven  
  58  4:43  Bunker  
  58  4:45  Marine  
  61  4:47  SCV x2  
  61  4:50  Marine  
  64  4:59  SCV x2  
  60  5:03  Barracks, Marine  
  61  5:07  Missile Turret  
  61  5:09  Stimpack  
  61  5:11  SCV x2  
  61  5:12  Refinery, Marauder  
  65  5:18  Marine  
  65  5:19  Refinery  
  65  5:21  Terran Infantry Weapons Level 1  
  66  5:23  SCV x2  
  66  5:27  Supply Depot  
  68  5:32  Supply Depot, Marine  
  68  5:35  SCV  
  70  5:44  Factory Reactor, Starport Reactor  
  70  5:49  SCV x2, Marauder, Marine  
  75  5:50  Supply Depot, Marine  
  75  5:55  Supply Depot  
  75  5:56  Combat Shield  
  76  5:57  Marauder  
  78  6:06  Marine  
  78  6:08  Marine  
  78  6:11  Marauder  
  82  6:18  Command Center  
  82  6:19  Marauder  
  82  6:21  Medivac  
  82  6:24  Medivac, Marine  
  88  6:25  Marine  
  88  6:29  Widow Mine  
  88  6:32  Marauder  
  93  6:39  Marine  
  93  6:42  Marine  
  93  6:43  Marine  
  93  6:44  Widow Mine  
  98  6:53  Marauder  
  99  6:57  Medivac  
  99  6:58  Marauder  
  99  7:00  Marine  
  102  7:08  SCV x2, Medivac, Marine  
  102  7:09  Widow Mine x2  
  102  7:14  Barracks  
  102  7:15  Marauder  
  110  7:18  Marine  
  110  7:22  SCV  
  110  7:24  SCV  
Tags
 
Add a new tag
Caveats
  • Supply blocks, unpowered buildings, or Contaminate may cause inaccurate times.
  • Supply counts are checked every 10 seconds.